 Dungeon Crawl Stone Soup version 0.28-a0-108-g844de0d849 (webtiles) character file.

Game seed: 11307436776961929711

32 Valentain the Stinger (level 3, 0/21 HPs)
             Began as an Octopode Venom Mage on Aug 12, 2021.
             Slain by a jackal (3 damage)
             ... on level 1 of the Dungeon on Aug 13, 2021.
             The game lasted 00:07:16 (1536 turns).

Valentain the Stinger (Octopode Venom Mage)         Turns: 1536, Time: 00:07:17

Health: 0/21       AC:  1    Str:  7    XL:     3   Next: 27%
Magic:  2/6        EV: 13    Int: 18    God:
Gold:   16         SH:  0    Dex: 12    Spells: 4/7 levels left

rFire   . . .      SeeInvis .   b - +0 dagger
rCold   . . .      Faith    .   (no shield)
rNeg    . . .      Spirit   .   (helmet restricted)
rPois   .          Reflect  .   (no amulet)
rElec   .          Harm     .   (no ring)
rCorr   .          Rampage  .   (no ring)
Will    .....                   (no ring)
Stlth   +++.......              (no ring)
HPRegen 0.07/turn               (no ring)
MPRegen 0.10/turn               (no ring)
                                (no ring)
                                (no ring)

@: no status effects
A: almost no armour, amphibious, 8 rings, camouflage 1, gelatinous body 1,
(nimble swimmer 1), tentacles
a: no special abilities


You were on level 1 of the Dungeon.
You visited 1 branch of the dungeon, and saw 1 of its levels.

You collected 16 gold pieces.

Inventory:

Hand Weapons
 b - a +0 dagger (weapon)
Scrolls
 c - a scroll of noise {unknown}
 d - a scroll of identify {unknown}
Potions
 a - a potion of flight {unknown}
 e - 2 potions of magic {unknown}


   Skills:
 - Level 2.1 Dodging
 - Level 2.9 Stealth
 + Level 2.5 Spellcasting
 - Level 1.0 Transmutations
 + Level 4.5 Poison Magic


You had 4 spell levels left.
You knew the following spells:

 Your Spells              Type           Power      Damage    Failure   Level
a - Sting                 Tmut/Pois      48%        1d5       5%          1
b - Poisonous Vapours     Pois/Air       20%        N/A       11%         2

Your spell library contained the following spells:

 Spells                   Type           Power      Damage    Failure   Level
 Olgreb's Toxic Radiance  Pois           18%        N/A       26%         4
 Mephitic Cloud           Conj/Pois/Air  7%         N/A       28%         3


Dungeon Overview and Level Annotations

Branches:
Dungeon (1/15)

Altars:


Innate Abilities, Weirdness & Mutations

You cannot wear most types of armour.
You are amphibious.
You can wear up to eight rings at the same time.
Your skin changes colour to match your surroundings (Stealth+).
Your rubbery body absorbs attacks. (AC +1, EV +1)
((You are camouflaged near water. (Stealth+)))
You have tentacles for arms and can constrict up to eight enemies at once.


Message History

Your magical contamination has completely faded away.
Casting: Poisonous Vapours (safe; 11% risk of failure)
Confirm with . or Enter, or press ? or * to list all spells.
Aiming: Poisonous Vapours (safe; 11% risk of failure)
Press: ? - help, Dir - move target, f/p - hobgoblin
Aim: a hobgoblin, wearing a +6 ring of strength (heavily wounded, constricted by you) Poisonous vapours surround the hobgoblin!
The hobgoblin is poisoned.
You constrict the hobgoblin. The jackal closely misses you.
The hobgoblin hits you. The jackal closely misses you.
You release your grip on the hobgoblin.
The jackal barely misses you. The jackal bites you. x2
The jackal closely misses you.
You kill the hobgoblin!
The jackal barks!
You hit the jackal but do no damage. You grab the jackal.
You constrict the jackal, but do no damage.
You hit the jackal. You squeeze the jackal.
You kill the jackal!
The jackal closely misses you.
You closely miss the jackal. Your grab misses the jackal.
The jackal closely misses you.
You completely miss the jackal. Your grab misses the jackal.
The jackal bites you.
A kobold comes into view. It is wielding a +0 whip.
Casting: Poisonous Vapours (safe; 11% risk of failure)
Confirm with . or Enter, or press ? or * to list all spells.
Aiming: Poisonous Vapours (safe; 11% risk of failure)
Press: ? - help, Dir - move target, f - jackal
Aim: a jackal Poisonous vapours surround the jackal!
The jackal is poisoned.
The jackal bites you.
* * * LOW HITPOINT WARNING * * *
The jackal bites you.
* * * LOW HITPOINT WARNING * * *
You hit the jackal but do no damage. You grab the jackal.
The jackal is moderately wounded.
You constrict the jackal, but do no damage.
The jackal misses you. The jackal bites you.
You die...

#.#.# #.## #.# ## ####.#.#
#.# ##.#### #^.).#.# #.#
#......
#.####.####.#####...... ##
########.#
#..............### .#
#........# ######.#####.#.#
.# #.#####..# #.# #.#.# .#
#........#########.# #.#.#
##...###..=..hh@...#.#
#.#.# #....
#..K#####.....#####.#.#
....g....#.##
###...)....##.#.#
##..?..#.#.#
#....#####..#.#.### ##...
#.#.# #.#..# #....(....
####...#.#.# #.#..#
#.......). .......#.#.#
#.##.# #.....####
####....>...
#.##.#####..#.##
###........##.#........##.#


You could see 2 jackals and a kobold.

Vanquished Creatures
  A dart slug (D:1)
  4 endoplasms (D:1)
  A giant cockroach (D:1)
  3 goblins (D:1)
  6 hobgoblins (D:1)
  A jackal (D:1)
  4 kobolds (D:1)
  A quokka (D:1)
  2 ball pythons (D:1)
  A frilled lizard (D:1)
  3 rats (D:1)
27 creatures vanquished.

Notes
Turn   | Place    | Note
-------+----------+-------------------------------------------
     0 | D:1      | Valentain the Octopode Venom Mage began the quest for the
                  | Orb.
     0 | D:1      | Reached XP level 1. HP: 11/11 MP: 3/3
   216 | D:1      | Reached skill level 4 in Poison Magic
   216 | D:1      | Reached XP level 2. HP: 6/17 MP: 1/5
   219 | D:1      | Learned a level 2 spell: Poisonous Vapours
   675 | D:1      | Found a faded altar of an unknown god.
  1117 | D:1      | Reached XP level 3. HP: 18/21 MP: 2/6
  1536 | D:1      | Slain by a jackal

Illustrated notes

Levels and vault maps discovered:
D:1:      nicolae_arrival_memento_mori, layout_loops_ring,
          ebering_ecumenical_altar_ruins

Skill      XL: |  1 |
---------------+----+-----
Poison Magic   | 4 |  4.5
Dodging        | |  2.1
Stealth        | |  2.9
Spellcasting   | |  2.5
Transmutations | |  1.0

Action                   || total
-------------------------++-------
Melee: Unarmed           ||    12
       Constrict         ||    12
       Tentacles         ||     8
       Dagger            ||    24
 Cast: Sting             ||    15
       Poisonous Vapours ||    14
 Stab: Sleeping          ||     1
Armor: Skin              ||     3
Dodge: Dodged            ||    32

Table legend: (Time is in decaauts)
 A = Elapsed time spent in this place.
 B = Non-inter-level travel time spent in this place.
 C = Inter-level travel time spent in this place.
 D = Time resting spent in this place.
 E = Time spent auto-exploring this place.
 F = Levels seen in this place.
 G = Mean time per level.
                   A        B        C        D        E       F      G
               +--------+--------+--------+--------+--------+-----+--------+
         Total |   1535 |   1535 |      0 |    533 |    418 |   1 | 1535.0 |
       Dungeon |   1535 |   1535 |      0 |    533 |    418 |   1 | 1535.0 |
               +--------+--------+--------+--------+--------+-----+--------+

Top non-repeatable levels by time:
     D:1: 1535 daAuts
